[ AOE2 MATCH · #458857258 ]
UnrankedFranks vs Burgundians
[ REPLAY ANALYSIS · EXTRACTED FROM THE RECORDED GAME ]
Feudal
12:48
Castle
20:10
Imperial
36:43
| APM avg | 21.9 |
| APM peak | 45 |
| eAPM avg | 11.4 |
| Villagers / military | 100 / 90 |
Focus
⚔️ 28.0% · 🌾 72.0%
Knight ×73 · Throwing Axeman ×14 · Trebuchet (Packed) ×2 · Battering Ram ×1
Feudal
11:47
Castle
22:54
Imperial
—
| APM avg | 18.3 |
| APM peak | 45 |
| eAPM avg | 10.5 |
| Villagers / military | 59 / 111 |
Focus
⚔️ 37.5% · 🌾 62.5%
Spearman ×70 · Knight ×40 · Scout Cavalry ×1
Feudal
11:37
Castle
19:19
Imperial
30:10
| APM avg | 53.9 |
| APM peak | 85 |
| eAPM avg | 40.2 |
| Villagers / military | 376 / 2 |
Focus
⚔️ 33.3% · 🌾 66.7%
Unknown (1949) ×286 · Unknown (1952) ×12 · Unknown (1942) ×11 · Monk ×2
Feudal
11:52
Castle
18:30
Imperial
37:20
| APM avg | 9.5 |
| APM peak | 22 |
| eAPM avg | 8.5 |
| Villagers / military | 87 / 62 |
Focus
⚔️ 28.8% · 🌾 71.2%
Spearman ×34 · Ballista Elephant ×9 · Trebuchet (Packed) ×5 · Militia ×4 · Mangonel ×4 · Knight ×3
Feudal
22:39
Castle
—
Imperial
—
| APM avg | 19.6 |
| APM peak | 61 |
| eAPM avg | 9.9 |
| Villagers / military | 45 / 0 |
Focus
⚔️ 34.2% · 🌾 65.8%
Feudal
11:51
Castle
18:59
Imperial
36:54
| APM avg | 17.1 |
| APM peak | 37 |
| eAPM avg | 13.2 |
| Villagers / military | 81 / 58 |
Focus
⚔️ 29.9% · 🌾 70.1%
Spearman ×19 · Archer ×16 · Longbowman ×14 · Scorpion ×6 · Trebuchet (Packed) ×3
Feudal
—
Castle
—
Imperial
—
| APM avg | 25.2 |
| APM peak | 55 |
| eAPM avg | 16.5 |
| Villagers / military | 85 / 87 |
Focus
⚔️ 42.6% · 🌾 57.4%
Leitis ×34 · Knight ×21 · Skirmisher ×14 · Trebuchet (Packed) ×6 · Scout Cavalry ×5 · Trade Cart ×4
Feudal
12:13
Castle
27:07
Imperial
—
| APM avg | 20.9 |
| APM peak | 44 |
| eAPM avg | 11.7 |
| Villagers / military | 102 / 95 |
Focus
⚔️ 16.5% · 🌾 83.5%
Spearman ×90 · Serjeant ×5
Match map
Initial resources + every placement click. Lines = walls · curves = elevation contours. ◆ gold · ⬟ stone · ● berries · ✦ relic · ◌ wall gap
Your base· ✓ Closed at 20:10 · 12t walls · 1 gate(s)
Under's base· ✓ Closed at 22:54 · 7t walls · 1 gate(s)
thatmp's base· ✓ Closed at 19:19 · 15t walls · 1 gate(s)
20072007's base· ✓ Closed at 18:30 · 17t walls · 1 gate(s)
Joy Games Interactive's base· Open — 4t gap
budinha's base· ✓ Closed at 18:59 · 12t walls · 1 gate(s)
GhostofDavis's base· ✓ Closed at 18:11 · 25t walls · no gate
petomin's base· ✓ Closed at 27:07 · 0t walls · no gate
Smoothed initial terrain · ◌ = detected wall gap · hover for details
Inputs per minute
— nobodyknow - - Under
Build order — nobodyknow
First 150 of 284 actions detected
| 0:06 | Create | Villager (Male) ×4 |
| 0:06 | Create | Villager (Male) ×4 |
| 0:12 | Build | House |
| 0:31 | Build | House |
| 0:59 | Build | House |
| 1:00 | Build | House |
| 1:50 | Create | Villager (Male) |
| 2:08 | Research | Loom |
| 2:41 | Create | Villager (Male) |
| 2:56 | Create | Villager (Male) |
| 2:57 | Create | Villager (Male) |
| 3:23 | Create | Villager (Male) |
| 3:24 | Create | Villager (Male) |
| 4:07 | Create | Villager (Male) |
| 4:08 | Create | Villager (Male) |
| 4:57 | Create | Villager (Male) |
| 5:23 | Create | Villager (Male) |
| 5:24 | Create | Villager (Male) |
| 5:24 | Create | Villager (Male) |
| 5:24 | Create | Villager (Male) |
| 5:30 | Create | Villager (Male) |
| 7:33 | Build | Mill |
| 7:49 | Build | Mining Camp |
| 9:29 | Build | Lumber Camp |
| 10:03 | Create | Villager (Male) |
| 10:38 | Research | Feudal Age |
| 10:53 | Build | Barracks |
| 11:36 | Build | House |
| 11:37 | Build | House |
| 11:38 | Build | House |
| 11:40 | Build | House |
| 12:01 | Build | Mill |
| 12:48 | Age | Feudal Age |
| 13:01 | Create | Villager (Male) |
| 13:01 | Create | Villager (Male) |
| 13:01 | Create | Villager (Male) |
| 13:37 | Build | Stable |
| 13:48 | Create | Villager (Male) |
| 13:51 | Create | Villager (Male) |
| 14:07 | Build | Archery Range |
| 14:23 | Build | Archery Range |
| 14:54 | Create | Villager (Male) |
| 15:15 | Build | Blacksmith |
| 15:21 | Create | Villager (Male) |
| 15:22 | Create | Villager (Male) |
| 16:33 | Build | Stone Wall |
| 17:25 | Build | Mill |
| 17:30 | Research | Castle Age |
| 17:40 | Build | Gate |
| 17:50 | Build | Stone Wall |
| 18:26 | Research | Forging |
| 18:48 | Research | Scale Barding Armor |
| 19:10 | Build | Market |
| 19:38 | Build | Stable |
| 20:05 | Research | Wheelbarrow |
| 20:10 | Age | Castle Age |
| 20:33 | Build | Town Center |
| 20:49 | Create | Knight |
| 20:49 | Create | Knight |
| 20:49 | Create | Knight |
| 20:52 | Create | Knight |
| 20:52 | Create | Knight |
| 20:58 | Create | Knight |
| 21:13 | Create | Villager (Male) |
| 21:13 | Create | Villager (Male) |
| 21:13 | Create | Villager (Male) |
| 21:59 | Create | Villager (Male) |
| 22:05 | Create | Villager (Male) |
| 22:05 | Create | Villager (Male) |
| 22:05 | Create | Villager (Male) |
| 22:06 | Create | Villager (Male) |
| 22:34 | Research | Husbandry |
| 22:39 | Create | Villager (Male) |
| 22:42 | Create | Villager (Male) |
| 22:46 | Research | Double-Bit Axe |
| 22:52 | Build | Farm |
| 22:52 | Build | Farm |
| 22:52 | Build | Farm |
| 22:52 | Build | Farm |
| 22:53 | Build | Farm |
| 22:53 | Build | Farm |
| 23:53 | Build | Farm |
| 23:53 | Build | Farm |
| 23:53 | Build | Farm |
| 23:54 | Build | Farm |
| 23:54 | Build | Farm |
| 23:54 | Build | Farm |
| 23:55 | Build | Farm |
| 24:01 | Create | Villager (Male) |
| 24:02 | Create | Villager (Male) |
| 24:02 | Create | Villager (Male) |
| 24:14 | Create | Villager (Male) |
| 24:14 | Create | Villager (Male) |
| 24:48 | Build | Mining Camp |
| 24:57 | Build | Farm |
| 25:00 | Build | Farm |
| 25:02 | Build | Farm |
| 25:04 | Create | Villager (Male) |
| 25:05 | Create | Villager (Male) |
| 25:05 | Create | Villager (Male) |
| 25:12 | Create | Villager (Male) |
| 25:13 | Create | Villager (Male) |
| 25:34 | Create | Knight |
| 25:50 | Build | House |
| 25:52 | Build | House |
| 25:54 | Build | House |
| 26:49 | Create | Knight |
| 26:51 | Create | Knight |
| 27:01 | Create | Villager (Male) |
| 27:01 | Create | Villager (Male) |
| 27:01 | Create | Villager (Male) |
| 27:16 | Build | Farm |
| 27:16 | Build | Farm |
| 27:17 | Build | Farm |
| 27:17 | Build | Farm |
| 27:17 | Build | Farm |
| 27:17 | Build | Farm |
| 27:17 | Build | Farm |
| 27:19 | Build | Farm |
| 27:20 | Build | Farm |
| 27:27 | Build | Farm |
| 27:38 | Build | Mining Camp |
| 28:50 | Create | Knight |
| 28:50 | Create | Knight |
| 28:57 | Create | Knight |
| 29:00 | Create | Knight |
| 29:16 | Build | Mill |
| 29:18 | Build | Farm |
| 29:19 | Build | Farm |
| 29:19 | Build | Farm |
| 29:19 | Build | Farm |
| 29:31 | Create | Villager (Male) |
| 29:32 | Create | Villager (Male) |
| 29:36 | Create | Villager (Male) |
| 29:36 | Create | Villager (Male) |
| 29:36 | Create | Villager (Male) |
| 29:54 | Create | Knight |
| 29:55 | Create | Knight |
| 29:57 | Create | Knight |
| 29:58 | Create | Knight |
| 30:16 | Build | Castle |
| 30:29 | Build | House |
| 30:31 | Build | House |
| 30:32 | Build | House |
| 30:33 | Build | House |
| 30:34 | Build | House |
| 30:35 | Build | House |
| 30:36 | Build | House |
| 30:37 | Build | House |
| 30:48 | Create | Knight |
Build order — Under
First 150 of 255 actions detected
| 0:07 | Create | Villager (Male) |
| 0:19 | Build | House |
| 0:26 | Create | Villager (Male) |
| 0:42 | Create | Villager (Male) |
| 0:54 | Create | Villager (Male) |
| 1:15 | Build | House |
| 1:41 | Build | House |
| 1:44 | Create | Villager (Male) |
| 2:29 | Create | Villager (Male) |
| 2:54 | Create | Villager (Male) |
| 3:12 | Create | Villager (Male) |
| 3:46 | Create | Villager (Male) |
| 4:06 | Build | Lumber Camp |
| 4:09 | Create | Villager (Male) |
| 4:35 | Create | Villager (Male) |
| 4:47 | Build | Mill |
| 4:51 | Create | Villager (Male) |
| 5:21 | Create | Villager (Male) |
| 5:38 | Build | House |
| 5:40 | Create | Villager (Male) |
| 6:00 | Create | Villager (Male) |
| 6:20 | Create | Villager (Male) |
| 6:53 | Create | Villager (Male) |
| 7:29 | Create | Villager (Male) |
| 7:53 | Create | Villager (Male) |
| 8:20 | Create | Villager (Male) |
| 8:44 | Build | House |
| 8:46 | Create | Villager (Male) |
| 9:09 | Create | Villager (Male) |
| 9:27 | Research | Feudal Age |
| 9:38 | Build | Barracks |
| 11:31 | Create | Villager (Male) |
| 11:40 | Build | Mining Camp |
| 11:47 | Age | Feudal Age |
| 12:11 | Create | Villager (Male) |
| 12:42 | Build | Stable |
| 12:45 | Create | Villager (Male) |
| 12:56 | Build | House |
| 13:09 | Research | Double-Bit Axe |
| 13:16 | Create | Villager (Male) |
| 13:39 | Build | Blacksmith |
| 13:50 | Build | House |
| 13:53 | Create | Scout Cavalry |
| 13:55 | Create | Villager (Male) |
| 14:19 | Create | Villager (Male) |
| 14:39 | Build | House |
| 14:43 | Build | Farm |
| 14:45 | Research | Bow Saw |
| 15:15 | Create | Villager (Male) |
| 15:26 | Build | Farm |
| 15:28 | Build | Farm |
| 15:29 | Build | Farm |
| 15:30 | Build | Farm |
| 15:35 | Build | Farm |
| 15:36 | Build | Farm |
| 15:37 | Build | Farm |
| 15:38 | Build | Farm |
| 15:39 | Build | Farm |
| 15:41 | Create | Villager (Male) |
| 16:21 | Create | Villager (Male) |
| 16:28 | Build | Farm |
| 16:32 | Build | Farm |
| 16:33 | Build | Farm |
| 16:35 | Build | Farm |
| 16:58 | Create | Villager (Male) |
| 17:09 | Build | Farm |
| 17:11 | Research | Horse Collar |
| 17:18 | Build | Farm |
| 17:21 | Create | Villager (Male) |
| 17:48 | Create | Villager (Male) |
| 18:02 | Research | Heavy Plow |
| 18:20 | Build | Mining Camp |
| 18:50 | Create | Villager (Male) |
| 19:11 | Create | Villager (Male) |
| 19:30 | Create | Villager (Male) |
| 20:14 | Research | Castle Age |
| 20:19 | Research | Gold Mining |
| 20:25 | Build | House |
| 20:48 | Research | Forging |
| 21:22 | Research | Scale Barding Armor |
| 21:28 | Build | Stable |
| 21:33 | Research | Stone Mining |
| 22:30 | Build | Stone Wall |
| 22:35 | Build | Gate |
| 22:44 | Create | Villager (Male) |
| 22:54 | Age | Castle Age |
| 22:56 | Research | Cavalier (upgrade) |
| 22:56 | Research | Husbandry |
| 23:20 | Research | Crop Rotation |
| 23:24 | Create | Villager (Male) |
| 23:40 | Create | Knight |
| 23:41 | Create | Knight |
| 24:01 | Build | Town Center |
| 24:03 | Create | Villager (Male) |
| 24:13 | Create | Knight |
| 24:13 | Create | Knight |
| 24:25 | Create | Villager (Male) |
| 24:46 | Build | House |
| 24:48 | Create | Knight |
| 24:48 | Create | Knight |
| 25:05 | Create | Knight |
| 25:05 | Create | Knight |
| 25:21 | Build | House |
| 25:41 | Create | Knight |
| 25:41 | Create | Knight |
| 25:44 | Research | Loom |
| 26:09 | Create | Knight |
| 26:10 | Create | Knight |
| 26:23 | Create | Villager (Male) |
| 26:23 | Create | Villager (Male) |
| 26:45 | Create | Knight |
| 27:07 | Create | Villager (Male) |
| 27:07 | Create | Villager (Male) |
| 27:21 | Research | Wheelbarrow |
| 27:26 | Create | Villager (Male) |
| 27:27 | Create | Villager (Male) |
| 27:47 | Create | Knight |
| 27:47 | Create | Knight |
| 28:23 | Create | Knight |
| 28:49 | Research | Gold Shaft Mining |
| 28:52 | Build | House |
| 28:56 | Create | Villager (Male) |
| 29:16 | Build | Town Center |
| 29:29 | Research | Hand Cart |
| 30:33 | Create | Villager (Male) |
| 30:33 | Create | Villager (Male) |
| 30:33 | Create | Villager (Male) |
| 30:47 | Build | Castle |
| 30:54 | Create | Knight |
| 30:55 | Create | Knight |
| 31:04 | Build | House |
| 31:06 | Research | Stone Shaft Mining |
| 31:12 | Create | Villager (Male) |
| 32:12 | Create | Knight |
| 32:12 | Create | Knight |
| 32:34 | Build | Castle |
| 32:52 | Build | House |
| 33:05 | Build | House |
| 33:08 | Build | House |
| 33:11 | Build | House |
| 33:22 | Create | Knight |
| 33:22 | Create | Knight |
| 33:31 | Create | Knight |
| 33:31 | Create | Knight |
| 33:44 | Create | Knight |
| 33:44 | Create | Knight |
| 33:58 | Create | Knight |
| 33:58 | Create | Knight |
| 34:31 | Create | Knight |
| 34:31 | Create | Knight |
Build order — thatmp
First 150 of 587 actions detected
| 0:02 | Create | Villager (Male) ×4 |
| 0:02 | Create | Villager (Male) ×4 |
| 0:03 | Build | House |
| 0:05 | Build | House |
| 1:25 | Create | Villager (Male) |
| 2:03 | Create | Villager (Male) |
| 2:16 | Create | Villager (Male) |
| 2:17 | Create | Villager (Male) |
| 2:43 | Build | Palisade Wall |
| 2:47 | Build | Palisade Gate |
| 2:54 | Create | Villager (Male) |
| 2:54 | Create | Villager (Male) |
| 2:55 | Create | Villager (Male) |
| 3:32 | Create | Villager (Male) |
| 4:15 | Create | Villager (Male) ×3 |
| 4:15 | Create | Villager (Male) ×3 |
| 4:18 | Create | Villager (Male) |
| 4:25 | Create | Villager (Male) |
| 4:25 | Create | Villager (Male) |
| 4:43 | Build | House |
| 4:47 | Research | Loom |
| 4:48 | Create | Villager (Male) ×4 |
| 4:50 | Build | House |
| 5:24 | Build | Lumber Camp |
| 5:38 | Create | Villager (Male) ×4 |
| 6:08 | Create | Villager (Male) |
| 6:16 | Create | Villager (Male) |
| 6:54 | Create | Villager (Male) |
| 7:27 | Create | Villager (Male) ×3 |
| 7:34 | Build | Mill |
| 7:54 | Build | Mining Camp |
| 7:58 | Create | Villager (Male) |
| 7:59 | Create | Villager (Male) |
| 8:20 | Create | Villager (Male) |
| 8:20 | Create | Villager (Male) |
| 9:02 | Research | Feudal Age |
| 9:30 | Create | Villager (Male) |
| 9:30 | Create | Villager (Male) |
| 9:48 | Create | Villager (Male) ×2 |
| 9:56 | Build | House |
| 10:06 | Create | Villager (Male) |
| 10:06 | Create | Villager (Male) |
| 10:08 | Create | Villager (Male) |
| 10:08 | Create | Villager (Male) |
| 10:41 | Create | Villager (Male) ×2 |
| 11:09 | Create | Villager (Male) |
| 11:19 | Create | Villager (Male) |
| 11:37 | Age | Feudal Age |
| 11:40 | Research | Horse Collar |
| 11:40 | Research | Horse Collar |
| 11:42 | Research | Gold Mining |
| 11:42 | Research | Gold Mining |
| 11:42 | Research | Stone Mining |
| 11:43 | Research | Stone Mining |
| 11:48 | Research | Double-Bit Axe |
| 11:49 | Research | Double-Bit Axe |
| 11:50 | Create | Villager (Male) |
| 11:51 | Create | Villager (Male) |
| 11:56 | Build | House |
| 11:57 | Build | House |
| 12:17 | Build | Farm |
| 12:20 | Build | Farm |
| 12:23 | Build | Farm |
| 12:25 | Build | Farm |
| 12:27 | Build | Farm |
| 12:30 | Build | Farm |
| 12:31 | Create | Villager (Male) |
| 12:31 | Create | Villager (Male) |
| 12:33 | Build | Farm |
| 12:41 | Build | Farm |
| 12:44 | Build | Farm |
| 12:47 | Build | Farm |
| 12:47 | Create | Villager (Male) |
| 12:59 | Build | Farm |
| 13:11 | Create | Villager (Male) |
| 13:11 | Create | Villager (Male) |
| 13:16 | Create | Villager (Male) |
| 13:27 | Build | Farm |
| 13:28 | Create | Villager (Male) |
| 13:38 | Research | Wheelbarrow |
| 13:38 | Research | Town Watch |
| 13:45 | Build | Outpost |
| 13:48 | Create | Villager (Male) |
| 13:59 | Create | Villager (Male) |
| 14:08 | Create | Villager (Male) |
| 14:12 | Build | Farm |
| 14:12 | Create | Villager (Male) |
| 14:16 | Build | Farm |
| 14:21 | Build | Farm |
| 14:22 | Create | Villager (Male) |
| 14:22 | Create | Villager (Male) |
| 14:37 | Create | Villager (Male) |
| 14:46 | Create | Villager (Male) |
| 14:46 | Create | Villager (Male) |
| 14:58 | Build | Blacksmith |
| 15:00 | Create | Villager (Male) ×2 |
| 15:20 | Create | Villager (Male) |
| 15:20 | Create | Villager (Male) |
| 15:22 | Create | Villager (Male) |
| 15:22 | Create | Villager (Male) |
| 15:28 | Create | Villager (Male) |
| 15:31 | Create | Villager (Male) |
| 15:37 | Build | Market |
| 15:42 | Build | Farm |
| 15:45 | Create | Villager (Male) |
| 15:51 | Build | Farm |
| 15:56 | Create | Villager (Male) |
| 15:58 | Create | Villager (Male) |
| 16:13 | Create | Villager (Male) |
| 16:21 | Create | Villager (Male) |
| 16:21 | Create | Villager (Male) |
| 16:21 | Create | Villager (Male) |
| 16:22 | Create | Villager (Male) |
| 16:22 | Create | Villager (Male) |
| 16:22 | Create | Villager (Male) |
| 16:23 | Create | Villager (Male) |
| 16:26 | Create | Villager (Male) ×5 |
| 16:27 | Create | Villager (Male) |
| 16:27 | Create | Villager (Male) |
| 16:27 | Create | Villager (Male) |
| 16:33 | Research | Castle Age |
| 16:33 | Research | Castle Age |
| 16:40 | Create | Villager (Male) |
| 16:41 | Create | Villager (Male) |
| 16:41 | Create | Villager (Male) |
| 16:44 | Build | Farm |
| 17:08 | Build | House |
| 17:30 | Create | Villager (Male) ×5 |
| 17:35 | Build | Mining Camp |
| 17:40 | Create | Villager (Male) ×4 |
| 17:41 | Create | Villager (Male) |
| 17:41 | Create | Villager (Male) |
| 17:52 | Build | House |
| 17:56 | Create | Villager (Male) |
| 18:00 | Create | Villager (Male) |
| 19:19 | Age | Castle Age |
| 19:19 | Create | Villager (Male) |
| 19:22 | Research | Bow Saw |
| 19:22 | Research | Bow Saw |
| 19:23 | Research | Heavy Plow |
| 19:23 | Research | Heavy Plow |
| 19:25 | Research | Gold Shaft Mining |
| 19:25 | Research | Gold Shaft Mining |
| 19:28 | Research | Stone Shaft Mining |
| 19:28 | Research | Stone Shaft Mining |
| 19:34 | Research | Hand Cart |
| 19:35 | Research | Town Patrol |
| 19:39 | Create | Villager (Male) ×2 |
| 19:40 | Create | Villager (Male) ×2 |
| 19:46 | Create | Villager (Male) |
Build order — 20072007
First 150 of 240 actions detected
| 0:06 | Create | Villager (Male) |
| 0:06 | Create | Villager (Male) |
| 0:07 | Create | Villager (Male) |
| 0:07 | Create | Villager (Male) |
| 0:14 | Build | House |
| 0:42 | Build | Mill |
| 2:01 | Build | House |
| 2:07 | Create | Villager (Male) |
| 2:48 | Build | House |
| 2:51 | Build | House |
| 2:54 | Create | Villager (Male) |
| 3:27 | Create | Villager (Male) |
| 3:30 | Create | Villager (Male) |
| 3:52 | Create | Villager (Male) |
| 4:39 | Create | Villager (Male) |
| 4:40 | Create | Villager (Male) |
| 4:41 | Create | Villager (Male) |
| 5:16 | Create | Villager (Male) |
| 5:43 | Create | Villager (Male) |
| 5:43 | Create | Villager (Male) |
| 6:24 | Create | Villager (Male) |
| 6:24 | Create | Villager (Male) |
| 7:25 | Create | Villager (Male) |
| 7:25 | Create | Villager (Male) |
| 8:32 | Create | Villager (Male) |
| 8:32 | Create | Villager (Male) |
| 8:45 | Build | Mining Camp |
| 9:23 | Create | Villager (Male) |
| 9:24 | Create | Villager (Male) |
| 9:24 | Create | Villager (Male) |
| 9:38 | Research | Feudal Age |
| 9:59 | Build | Lumber Camp |
| 10:40 | Build | House |
| 10:44 | Research | Loom |
| 11:27 | Build | Farm |
| 11:34 | Build | Farm |
| 11:45 | Build | Barracks |
| 11:52 | Build | Farm |
| 11:52 | Age | Feudal Age |
| 12:21 | Create | Villager (Male) |
| 12:21 | Create | Villager (Male) |
| 12:21 | Create | Villager (Male) |
| 12:49 | Build | House |
| 13:02 | Build | Farm |
| 13:07 | Build | Farm |
| 13:10 | Create | Militia |
| 13:10 | Create | Militia |
| 13:17 | Build | House |
| 13:27 | Build | Farm |
| 13:33 | Build | Farm |
| 13:37 | Research | Double-Bit Axe |
| 14:15 | Build | Farm |
| 14:17 | Research | Wheelbarrow |
| 14:27 | Build | Farm |
| 15:09 | Research | Horse Collar |
| 15:23 | Build | Mining Camp |
| 15:50 | Research | Castle Age |
| 16:55 | Create | Spearman |
| 16:55 | Create | Spearman |
| 16:55 | Create | Spearman |
| 17:16 | Build | Stone Wall |
| 17:24 | Build | Gate |
| 17:43 | Research | Stone Mining |
| 18:30 | Age | Castle Age |
| 18:35 | Build | Siege Workshop |
| 18:41 | Create | Villager (Male) |
| 18:42 | Create | Villager (Male) |
| 18:42 | Create | Villager (Male) |
| 18:52 | Research | Bow Saw |
| 18:57 | Research | Gold Mining |
| 19:03 | Build | Farm |
| 19:07 | Build | Farm |
| 20:14 | Research | Hand Cart |
| 20:15 | Create | Villager (Male) |
| 20:15 | Create | Villager (Male) |
| 20:39 | Create | Battering Ram |
| 20:53 | Build | Barracks |
| 21:40 | Create | Battering Ram |
| 22:01 | Research | Man-at-Arms (upgrade) |
| 22:01 | Create | Militia |
| 22:02 | Create | Militia |
| 22:28 | Build | Stable |
| 22:43 | Research | Long Swordsman (upgrade) |
| 22:43 | Research | Long Swordsman (upgrade) |
| 22:50 | Build | House |
| 22:54 | Build | House |
| 23:20 | Research | Pikeman (upgrade) |
| 23:21 | Create | Spearman |
| 23:22 | Create | Spearman |
| 23:22 | Create | Spearman |
| 23:37 | Build | Farm |
| 23:38 | Build | Farm |
| 23:45 | Create | Villager (Male) |
| 23:45 | Create | Villager (Male) |
| 23:45 | Create | Villager (Male) |
| 23:46 | Create | Villager (Male) |
| 24:15 | Build | Stone Wall |
| 24:27 | Create | Mangonel |
| 25:05 | Build | House |
| 25:08 | Build | House |
| 25:12 | Create | Villager (Male) |
| 25:12 | Create | Villager (Male) |
| 25:38 | Create | Spearman |
| 25:38 | Create | Spearman |
| 26:21 | Create | Mangonel |
| 26:26 | Create | Spearman |
| 26:26 | Create | Spearman |
| 26:26 | Create | Spearman |
| 26:34 | Create | Villager (Male) |
| 26:34 | Create | Villager (Male) |
| 26:41 | Build | Farm |
| 26:44 | Build | Farm |
| 26:48 | Build | Farm |
| 26:50 | Research | Heavy Plow |
| 26:53 | Create | Villager (Male) |
| 26:53 | Create | Villager (Male) |
| 27:25 | Create | Mangonel |
| 27:35 | Build | Farm |
| 27:39 | Build | Farm |
| 27:41 | Create | Villager (Male) |
| 27:41 | Create | Villager (Male) |
| 27:50 | Create | Mangonel |
| 27:57 | Create | Spearman |
| 27:58 | Create | Spearman |
| 27:58 | Create | Spearman |
| 28:05 | Create | Knight |
| 28:06 | Create | Knight |
| 28:06 | Create | Knight |
| 28:34 | Build | Farm |
| 28:38 | Build | Farm |
| 28:55 | Create | Spearman |
| 28:55 | Create | Spearman |
| 28:55 | Create | Spearman |
| 29:07 | Create | Villager (Male) |
| 29:07 | Create | Villager (Male) |
| 29:07 | Create | Villager (Male) |
| 29:18 | Build | House |
| 29:22 | Build | House |
| 29:59 | Build | Mining Camp |
| 30:37 | Create | Villager (Male) |
| 30:37 | Create | Villager (Male) |
| 30:47 | Research | Gold Shaft Mining |
| 31:28 | Build | Mining Camp |
| 31:42 | Build | Town Center |
| 31:56 | Build | House |
| 32:00 | Build | House |
| 32:05 | Create | Villager (Male) |
| 32:05 | Create | Villager (Male) |
| 32:06 | Create | Villager (Male) |
| 32:43 | Build | Blacksmith |
Build order — Joy Games Interactive
93 actions detected in the replay
| 0:03 | Create | Villager (Male) ×4 |
| 0:06 | Build | House |
| 0:09 | Build | House |
| 0:10 | Build | House |
| 0:11 | Build | House |
| 1:41 | Create | Villager (Male) |
| 2:04 | Create | Villager (Male) |
| 2:32 | Create | Villager (Male) |
| 3:17 | Create | Villager (Male) |
| 3:17 | Create | Villager (Male) |
| 3:49 | Create | Villager (Male) |
| 3:50 | Create | Villager (Male) |
| 4:34 | Create | Villager (Male) |
| 4:34 | Create | Villager (Male) |
| 4:34 | Create | Villager (Male) |
| 5:16 | Create | Villager (Male) |
| 5:17 | Create | Villager (Male) |
| 5:31 | Research | Loom |
| 6:33 | Build | Lumber Camp |
| 6:57 | Create | Villager (Male) |
| 10:34 | Build | Town Center |
| 12:19 | Build | Mill |
| 12:34 | Build | Palisade Wall |
| 13:16 | Build | Palisade Wall |
| 13:17 | Build | Palisade Wall |
| 13:18 | Build | Palisade Wall |
| 13:19 | Build | Palisade Wall |
| 13:25 | Build | Palisade Wall |
| 13:28 | Build | Palisade Wall |
| 13:39 | Build | Palisade Wall |
| 14:20 | Create | Villager (Male) |
| 14:54 | Build | Palisade Wall |
| 14:57 | Build | Palisade Wall |
| 14:58 | Build | Palisade Wall |
| 15:03 | Build | Palisade Wall |
| 15:29 | Create | Villager (Male) |
| 15:30 | Create | Villager (Male) |
| 15:43 | Build | Palisade Wall |
| 15:46 | Build | Palisade Wall |
| 15:48 | Build | Palisade Wall |
| 15:49 | Build | Palisade Wall |
| 15:50 | Build | Palisade Wall |
| 16:08 | Create | Villager (Male) |
| 16:46 | Build | Palisade Wall |
| 16:50 | Build | Palisade Wall |
| 16:57 | Create | Villager (Male) |
| 18:02 | Build | Palisade Wall |
| 18:39 | Build | Palisade Wall |
| 18:57 | Build | Palisade Wall |
| 19:16 | Create | Villager (Male) |
| 19:19 | Create | Villager (Male) |
| 19:27 | Create | Villager (Male) |
| 20:04 | Build | Palisade Wall |
| 20:29 | Research | Feudal Age |
| 20:29 | Research | Feudal Age |
| 22:10 | Build | Palisade Wall |
| 22:13 | Build | Palisade Wall |
| 22:39 | Age | Feudal Age |
| 23:35 | Build | Stone Wall |
| 23:45 | Build | Stone Wall |
| 24:13 | Build | Palisade Wall |
| 24:26 | Create | Villager (Male) |
| 24:26 | Create | Villager (Male) |
| 25:13 | Create | Villager (Male) |
| 25:14 | Create | Villager (Male) |
| 25:36 | Build | Mining Camp |
| 27:11 | Build | Stone Wall |
| 27:15 | Build | Stone Wall |
| 28:00 | Research | Double-Bit Axe |
| 29:09 | Build | Stone Wall |
| 30:20 | Build | Stone Wall |
| 30:37 | Build | Stone Wall |
| 30:41 | Build | Stone Wall |
| 31:40 | Build | Stone Wall |
| 31:50 | Build | Stone Wall |
| 36:01 | Build | Town Center |
| 37:39 | Create | Villager (Male) |
| 37:39 | Create | Villager (Male) |
| 37:39 | Create | Villager (Male) |
| 39:28 | Create | Villager (Male) |
| 39:28 | Create | Villager (Male) |
| 39:28 | Create | Villager (Male) |
| 42:46 | Create | Villager (Male) |
| 42:46 | Create | Villager (Male) |
| 42:46 | Create | Villager (Male) |
| 42:46 | Create | Villager (Male) |
| 43:49 | Build | Mill |
| 44:21 | Create | Villager (Male) |
| 45:17 | Create | Villager (Male) |
| 45:18 | Create | Villager (Male) |
| 46:09 | Create | Villager (Male) |
| 46:10 | Create | Villager (Male) |
| 46:10 | Create | Villager (Male) |
Build order — budinha
First 150 of 242 actions detected
| 0:09 | Create | Villager (Male) |
| 0:09 | Create | Villager (Male) |
| 0:10 | Create | Villager (Male) |
| 0:10 | Create | Villager (Male) |
| 0:43 | Build | House |
| 1:50 | Build | Mill |
| 1:52 | Create | Villager (Male) |
| 2:32 | Create | Villager (Male) |
| 3:10 | Create | Villager (Male) |
| 3:13 | Research | Loom |
| 3:17 | Build | House |
| 3:48 | Create | Villager (Male) |
| 3:49 | Create | Villager (Male) |
| 4:25 | Create | Villager (Male) |
| 4:47 | Create | Villager (Male) |
| 4:50 | Create | Villager (Male) |
| 5:04 | Build | Palisade Wall |
| 5:07 | Create | Villager (Male) |
| 5:14 | Build | House |
| 5:24 | Create | Villager (Male) |
| 5:31 | Build | House |
| 5:40 | Create | Villager (Male) |
| 5:46 | Create | Villager (Male) |
| 6:14 | Build | Lumber Camp |
| 6:38 | Create | Villager (Male) |
| 7:16 | Build | House |
| 7:45 | Build | House |
| 8:10 | Create | Villager (Male) |
| 8:38 | Build | Mill |
| 9:03 | Build | House |
| 9:14 | Build | Palisade Gate |
| 9:39 | Create | Villager (Male) |
| 9:41 | Research | Feudal Age |
| 10:04 | Create | Villager (Male) |
| 11:42 | Build | Barracks |
| 11:51 | Age | Feudal Age |
| 12:01 | Create | Villager (Male) |
| 12:15 | Research | Double-Bit Axe |
| 12:18 | Build | Farm |
| 12:21 | Build | Farm |
| 12:30 | Create | Villager (Male) |
| 12:52 | Build | Mining Camp |
| 12:56 | Create | Villager (Male) |
| 13:43 | Build | Archery Range |
| 13:53 | Build | House |
| 14:04 | Create | Villager (Male) |
| 14:39 | Build | Blacksmith |
| 14:53 | Create | Villager (Male) |
| 14:54 | Create | Villager (Male) |
| 14:54 | Create | Villager (Male) |
| 15:06 | Create | Spearman |
| 15:26 | Build | Farm |
| 15:40 | Build | Mining Camp |
| 15:52 | Build | Farm |
| 16:19 | Research | Castle Age |
| 16:23 | Build | Farm |
| 16:24 | Research | Horse Collar |
| 16:57 | Create | Villager (Male) |
| 17:01 | Build | Farm |
| 17:32 | Build | Stable |
| 17:43 | Create | Archer |
| 17:43 | Create | Archer |
| 17:46 | Create | Villager (Male) |
| 17:59 | Create | Villager (Male) |
| 18:31 | Build | House |
| 18:35 | Create | Archer |
| 18:50 | Research | Gold Mining |
| 18:59 | Age | Castle Age |
| 19:14 | Build | Town Center |
| 19:21 | Create | Villager (Male) |
| 19:33 | Build | Town Center |
| 19:40 | Create | Villager (Male) |
| 19:50 | Create | Villager (Male) |
| 20:17 | Build | Farm |
| 20:27 | Build | Farm |
| 20:28 | Create | Villager (Male) |
| 20:39 | Create | Villager (Male) |
| 20:44 | Build | Farm |
| 20:47 | Create | Archer |
| 20:53 | Build | Farm |
| 21:01 | Create | Villager (Male) |
| 21:27 | Build | Farm |
| 21:31 | Create | Villager (Male) |
| 21:40 | Create | Archer |
| 21:44 | Build | Farm |
| 21:46 | Create | Archer |
| 21:47 | Create | Archer |
| 21:47 | Create | Archer |
| 21:47 | Create | Archer |
| 21:59 | Create | Villager (Male) |
| 22:09 | Create | Villager (Male) |
| 22:10 | Create | Villager (Male) |
| 22:27 | Build | Farm |
| 22:31 | Create | Villager (Male) |
| 22:51 | Build | Farm |
| 22:58 | Create | Villager (Male) |
| 23:05 | Build | Town Center |
| 23:06 | Create | Villager (Male) |
| 23:19 | Build | Castle |
| 23:35 | Research | Pikeman (upgrade) |
| 24:13 | Build | Farm |
| 24:25 | Research | Fletching |
| 24:33 | Research | Crossbowman (upgrade) |
| 24:39 | Create | Spearman |
| 24:43 | Build | Farm |
| 24:49 | Create | Villager (Male) |
| 25:01 | Create | Spearman |
| 25:18 | Research | Fletching |
| 25:24 | Build | Farm |
| 25:38 | Build | Palisade Gate |
| 25:56 | Create | Villager (Male) |
| 25:56 | Create | Villager (Male) |
| 25:59 | Research | Town Watch |
| 26:06 | Build | Farm |
| 26:11 | Build | Farm |
| 26:48 | Create | Villager (Male) |
| 26:48 | Create | Villager (Male) |
| 26:49 | Create | Villager (Male) |
| 26:55 | Create | Archer |
| 26:55 | Create | Archer |
| 26:56 | Create | Archer |
| 27:02 | Build | University |
| 27:14 | Build | House |
| 27:18 | Build | Market |
| 27:23 | Create | Villager (Male) |
| 27:26 | Research | Wheelbarrow |
| 27:31 | Create | Villager (Male) |
| 27:32 | Create | Villager (Male) |
| 27:32 | Create | Villager (Male) |
| 27:50 | Build | Town Center |
| 28:04 | Research | Bodkin Arrow |
| 28:10 | Create | Spearman |
| 28:14 | Build | Farm |
| 28:46 | Create | Villager (Male) |
| 28:51 | Build | Farm |
| 28:58 | Create | Villager (Male) |
| 29:18 | Research | Ballistics |
| 29:25 | Build | Farm |
| 29:26 | Research | Heavy Plow |
| 29:28 | Research | Bow Saw |
| 29:35 | Create | Villager (Male) |
| 29:51 | Create | Villager (Male) |
| 29:51 | Create | Villager (Male) |
| 30:06 | Create | Villager (Male) |
| 30:12 | Build | Mining Camp |
| 30:15 | Build | Farm |
| 30:22 | Create | Villager (Male) |
| 30:22 | Create | Villager (Male) |
| 30:28 | Create | Villager (Male) |
| 30:28 | Create | Villager (Male) |
Build order — GhostofDavis
First 150 of 315 actions detected
| 0:07 | Build | House |
| 0:16 | Create | Villager (Male) |
| 0:17 | Create | Villager (Male) |
| 0:17 | Create | Villager (Male) |
| 0:17 | Create | Villager (Male) |
| 0:17 | Create | Villager (Male) |
| 0:17 | Create | Villager (Male) |
| 0:17 | Create | Villager (Male) |
| 0:28 | Build | House |
| 0:30 | Build | House |
| 1:27 | Build | Palisade Wall |
| 1:33 | Build | Palisade Gate |
| 2:22 | Create | Villager (Male) |
| 2:22 | Create | Villager (Male) |
| 2:37 | Build | Palisade Wall |
| 2:50 | Build | Palisade Wall |
| 2:52 | Build | Palisade Wall |
| 3:08 | Create | Villager (Male) |
| 3:08 | Create | Villager (Male) |
| 3:08 | Create | Villager (Male) |
| 3:09 | Create | Villager (Male) |
| 3:18 | Build | House |
| 3:52 | Create | Villager (Male) |
| 3:53 | Create | Villager (Male) |
| 4:30 | Create | Villager (Male) |
| 4:30 | Create | Villager (Male) |
| 4:30 | Create | Villager (Male) |
| 4:38 | Build | Mill |
| 4:44 | Create | Villager (Male) |
| 4:44 | Create | Villager (Male) |
| 4:44 | Create | Villager (Male) |
| 5:16 | Create | Villager (Male) |
| 5:16 | Create | Villager (Male) |
| 5:47 | Create | Villager (Male) |
| 5:47 | Create | Villager (Male) |
| 6:13 | Create | Villager (Male) |
| 6:13 | Create | Villager (Male) |
| 6:22 | Build | Lumber Camp |
| 6:42 | Create | Villager (Male) |
| 6:47 | Create | Villager (Male) |
| 6:47 | Create | Villager (Male) |
| 7:39 | Research | Loom |
| 8:29 | Create | Villager (Male) |
| 8:30 | Create | Villager (Male) |
| 8:30 | Create | Villager (Male) |
| 8:30 | Create | Villager (Male) |
| 8:36 | Research | Feudal Age |
| 8:36 | Research | Feudal Age |
| 9:12 | Build | Mining Camp |
| 9:18 | Build | House |
| 9:22 | Build | House |
| 9:48 | Build | Mill |
| 10:51 | Research | Double-Bit Axe |
| 10:51 | Research | Double-Bit Axe |
| 10:53 | Research | Wheelbarrow |
| 10:57 | Create | Villager (Male) |
| 10:57 | Create | Villager (Male) |
| 10:58 | Create | Villager (Male) |
| 10:58 | Create | Villager (Male) |
| 11:41 | Create | Villager (Male) |
| 11:41 | Create | Villager (Male) |
| 12:01 | Build | Market |
| 12:36 | Build | Blacksmith |
| 13:23 | Create | Villager (Male) |
| 13:23 | Create | Villager (Male) |
| 14:01 | Build | Barracks |
| 14:07 | Build | House |
| 14:14 | Create | Villager (Male) |
| 14:14 | Create | Villager (Male) |
| 14:53 | Build | Stable |
| 15:19 | Create | Villager (Male) |
| 15:19 | Create | Villager (Male) |
| 15:19 | Create | Villager (Male) |
| 15:31 | Research | Horse Collar |
| 15:53 | Build | Mill |
| 16:52 | Create | Villager (Male) |
| 16:59 | Build | Farm |
| 16:59 | Build | Farm |
| 16:59 | Build | Farm |
| 16:59 | Build | Farm |
| 17:00 | Build | Farm |
| 17:00 | Build | Farm |
| 17:06 | Create | Villager (Male) |
| 17:25 | Build | Mining Camp |
| 17:52 | Create | Villager (Male) |
| 17:52 | Create | Villager (Male) |
| 18:11 | Research | Castle Age |
| 18:11 | Research | Castle Age |
| 18:35 | Create | Scout Cavalry |
| 18:35 | Create | Scout Cavalry |
| 18:36 | Create | Scout Cavalry |
| 18:36 | Create | Scout Cavalry |
| 18:36 | Create | Scout Cavalry |
| 18:48 | Build | Archery Range |
| 19:29 | Research | Gold Mining |
| 19:29 | Research | Gold Mining |
| 19:29 | Research | Stone Mining |
| 19:30 | Research | Stone Mining |
| 21:03 | Build | Monastery |
| 21:14 | Build | Town Center |
| 21:25 | Build | University |
| 21:30 | Create | Villager (Male) |
| 21:30 | Create | Villager (Male) |
| 21:30 | Create | Villager (Male) |
| 21:34 | Create | Monk |
| 21:35 | Create | Monk |
| 21:38 | Research | Fervor |
| 21:51 | Research | Husbandry |
| 22:29 | Create | Monk |
| 22:43 | Create | Knight |
| 22:43 | Create | Knight |
| 22:44 | Create | Knight |
| 22:44 | Create | Knight |
| 22:44 | Create | Knight |
| 22:45 | Create | Knight |
| 22:45 | Create | Knight |
| 23:13 | Research | Forging |
| 23:14 | Research | Scale Barding Armor |
| 23:14 | Research | Scale Barding Armor |
| 23:22 | Build | Farm |
| 23:22 | Build | Farm |
| 23:22 | Build | Farm |
| 23:22 | Build | Farm |
| 23:23 | Build | Farm |
| 23:23 | Build | Farm |
| 23:23 | Build | Farm |
| 23:24 | Build | Farm |
| 23:29 | Create | Villager (Male) |
| 23:30 | Create | Villager (Male) |
| 23:33 | Create | Villager (Male) |
| 23:33 | Create | Villager (Male) |
| 23:33 | Create | Villager (Male) |
| 23:54 | Build | House |
| 23:55 | Build | House |
| 23:56 | Build | House |
| 23:56 | Build | House |
| 24:05 | Research | Town Watch |
| 24:05 | Research | Town Watch |
| 24:11 | Create | Villager (Male) |
| 24:11 | Create | Villager (Male) |
| 27:18 | Build | Castle |
| 27:26 | Research | Hand Cart |
| 27:26 | Create | Villager (Male) |
| 27:27 | Create | Villager (Male) |
| 27:27 | Create | Villager (Male) |
| 27:27 | Create | Villager (Male) |
| 27:27 | Create | Villager (Male) |
| 27:27 | Create | Villager (Male) |
| 27:31 | Research | Bow Saw |
| 27:31 | Research | Bow Saw |
Build order — petomin
First 150 of 216 actions detected
| 0:02 | Create | Villager (Male) ×4 |
| 0:04 | Build | House |
| 0:10 | Build | House |
| 1:41 | Create | Villager (Male) |
| 2:07 | Create | Villager (Male) |
| 2:28 | Create | Villager (Male) |
| 2:46 | Create | Villager (Male) |
| 3:18 | Create | Villager (Male) |
| 3:39 | Create | Villager (Male) |
| 3:48 | Build | House |
| 3:51 | Build | House |
| 3:54 | Build | House |
| 4:01 | Create | Villager (Male) |
| 4:48 | Build | Lumber Camp |
| 4:51 | Create | Villager (Male) |
| 4:52 | Create | Villager (Male) |
| 5:19 | Build | House |
| 5:21 | Build | House |
| 5:42 | Research | Loom |
| 6:05 | Create | Villager (Male) |
| 6:14 | Create | Villager (Male) |
| 6:42 | Create | Villager (Male) |
| 7:01 | Build | Mill |
| 7:09 | Create | Villager (Male) |
| 7:29 | Build | Mill |
| 7:32 | Create | Villager (Male) |
| 8:42 | Create | Villager (Male) |
| 8:43 | Create | Villager (Male) |
| 9:49 | Build | Farm |
| 9:51 | Build | Farm |
| 9:52 | Build | Farm |
| 10:03 | Research | Feudal Age |
| 12:07 | Build | Lumber Camp |
| 12:13 | Age | Feudal Age |
| 12:40 | Build | Mining Camp |
| 13:20 | Build | Donjon |
| 13:29 | Create | Villager (Male) |
| 13:29 | Create | Villager (Male) |
| 15:20 | Research | Double-Bit Axe |
| 15:56 | Build | Town Center |
| 16:29 | Build | Mining Camp |
| 16:31 | Create | Villager (Male) |
| 16:32 | Create | Villager (Male) |
| 16:53 | Build | Farm |
| 17:00 | Build | Farm |
| 17:04 | Build | Farm |
| 17:05 | Create | Villager (Male) |
| 17:10 | Build | Farm |
| 17:14 | Build | Farm |
| 17:27 | Build | Farm |
| 17:30 | Create | Villager (Male) |
| 17:50 | Build | Farm |
| 17:52 | Create | Villager (Male) |
| 18:02 | Build | Farm |
| 18:15 | Build | Farm |
| 18:23 | Research | Horse Collar |
| 18:41 | Build | Farm |
| 18:43 | Create | Villager (Male) |
| 18:49 | Build | Farm |
| 18:58 | Create | Villager (Male) |
| 19:23 | Create | Villager (Male) |
| 19:37 | Build | Farm |
| 19:48 | Build | Mill |
| 19:54 | Create | Villager (Male) |
| 20:06 | Build | Farm |
| 20:11 | Build | Farm |
| 20:13 | Build | Farm |
| 20:17 | Create | Villager (Male) |
| 20:23 | Build | House |
| 20:27 | Build | House |
| 20:28 | Build | House |
| 20:38 | Create | Villager (Male) |
| 20:52 | Build | House |
| 20:58 | Create | Villager (Male) |
| 21:19 | Create | Serjeant |
| 21:36 | Create | Serjeant |
| 21:37 | Create | Serjeant |
| 21:55 | Create | Serjeant |
| 22:06 | Create | Serjeant |
| 22:40 | Build | Blacksmith |
| 22:44 | Build | Market |
| 23:08 | Build | Mining Camp |
| 23:50 | Build | Farm |
| 23:56 | Build | Farm |
| 23:59 | Build | Farm |
| 24:27 | Research | Castle Age |
| 25:30 | Build | Barracks |
| 27:07 | Age | Castle Age |
| 28:26 | Create | Villager (Male) |
| 28:26 | Create | Villager (Male) |
| 29:21 | Build | Town Center |
| 29:29 | Build | Town Center |
| 29:38 | Create | Villager (Male) |
| 29:38 | Create | Villager (Male) |
| 30:13 | Create | Villager (Male) |
| 30:13 | Create | Villager (Male) |
| 30:14 | Create | Villager (Male) |
| 30:37 | Create | Villager (Male) |
| 30:37 | Create | Villager (Male) |
| 30:38 | Create | Villager (Male) |
| 30:57 | Create | Villager (Male) ×5 |
| 31:18 | Build | Town Center |
| 31:29 | Build | Town Center |
| 31:50 | Create | Villager (Male) ×5 |
| 31:50 | Create | Villager (Male) ×3 |
| 32:22 | Build | House |
| 32:27 | Create | Villager (Male) ×3 |
| 32:43 | Create | Villager (Male) |
| 33:01 | Build | House |
| 33:03 | Build | House |
| 33:05 | Build | House |
| 33:06 | Build | House |
| 33:07 | Build | House |
| 33:14 | Build | House |
| 33:18 | Build | House |
| 33:26 | Build | Stone Wall |
| 33:31 | Build | Gate |
| 33:43 | Build | Siege Workshop |
| 33:46 | Build | Barracks |
| 33:50 | Create | Villager (Male) ×5 |
| 33:57 | Build | Farm |
| 33:58 | Build | Farm |
| 33:59 | Build | Farm |
| 34:25 | Create | Villager (Male) ×5 |
| 34:37 | Build | House |
| 34:49 | Create | Villager (Male) ×5 |
| 34:49 | Create | Villager (Male) ×2 |
| 35:31 | Create | Villager (Male) ×5 |
| 35:56 | Build | Town Center |
| 36:10 | Research | Pikeman (upgrade) |
| 36:11 | Research | Squires |
| 36:16 | Build | Barracks |
| 36:23 | Create | Villager (Male) ×5 |
| 36:29 | Build | Farm |
| 36:29 | Build | Farm |
| 36:29 | Build | Farm |
| 36:30 | Build | Farm |
| 36:30 | Build | Farm |
| 36:30 | Build | Farm |
| 36:30 | Build | Farm |
| 36:32 | Build | Farm |
| 36:38 | Build | Farm |
| 36:43 | Build | Farm |
| 36:58 | Build | Farm |
| 37:04 | Build | House |
| 37:07 | Build | House |
| 37:08 | Build | House |
| 37:10 | Build | House |
| 37:11 | Build | House |
| 37:17 | Create | Spearman ×5 |
Match timeline
| 1:27 | GhostofDavis · wall_segment Palisade Wall x8 |
| 2:37 | GhostofDavis · wall_segment Palisade Wall x3 |
| 2:43 | thatmp · wall_segment Palisade Wall x15 |
| 2:50 | GhostofDavis · wall_segment Palisade Wall x11 |
| 2:52 | GhostofDavis · wall_segment Palisade Wall x4 |
| 5:04 | budinha · wall_segment Palisade Wall x12 |
| 9:38 | Under · first_building Barracks |
| 10:53 | nobodyknow · first_building Barracks |
| 11:37 | thatmp · age_up feudal |
| 11:42 | budinha · first_building Barracks |
| 11:45 | 20072007 · first_building Barracks |
| 11:47 | Under · age_up feudal |
| 11:51 | budinha · age_up feudal |
| 11:52 | 20072007 · age_up feudal |
| 12:13 | petomin · age_up feudal |
| 12:34 | Joy Games Interactive · wall_segment Palisade Wall x14 |
| 12:42 | Under · first_building Stable |
| 12:48 | nobodyknow · age_up feudal |
| 13:16 | Joy Games Interactive · wall_segment Palisade Wall x1 |
| 13:17 | Joy Games Interactive · wall_segment Palisade Wall x1 |
| 13:18 | Joy Games Interactive · wall_segment Palisade Wall x1 |
| 13:19 | Joy Games Interactive · wall_segment Palisade Wall x1 |
| 13:20 | petomin · first_building Donjon |
| 13:25 | Joy Games Interactive · wall_segment Palisade Wall x1 |
| 13:28 | Joy Games Interactive · wall_segment Palisade Wall x1 |
| 13:37 | nobodyknow · first_building Stable |
| 13:39 | Joy Games Interactive · wall_segment Palisade Wall x1 |
| 13:43 | budinha · first_building Archery Range |
| 14:01 | GhostofDavis · first_building Barracks |
| 14:07 | nobodyknow · first_building Archery Range |
| 14:53 | GhostofDavis · first_building Stable |
| 14:54 | Joy Games Interactive · wall_segment Palisade Wall x1 |
| 14:57 | Joy Games Interactive · wall_segment Palisade Wall x1 |
| 14:58 | Joy Games Interactive · wall_segment Palisade Wall x1 |
| 15:03 | Joy Games Interactive · wall_segment Palisade Wall x1 |
| 15:43 | Joy Games Interactive · wall_segment Palisade Wall x4 |
| 15:46 | Joy Games Interactive · wall_segment Palisade Wall x1 |
| 15:48 | Joy Games Interactive · wall_segment Palisade Wall x1 |
| 15:49 | Joy Games Interactive · wall_segment Palisade Wall x1 |
| 15:50 | Joy Games Interactive · wall_segment Palisade Wall x3 |
| 16:33 | nobodyknow · wall_segment Stone Wall x6 |
| 16:46 | Joy Games Interactive · wall_segment Palisade Wall x4 |
| 16:50 | Joy Games Interactive · wall_segment Palisade Wall x2 |
| 17:16 | 20072007 · wall_segment Stone Wall x17 |
| 17:32 | budinha · first_building Stable |
| 17:50 | nobodyknow · wall_segment Stone Wall x6 |
| 18:02 | Joy Games Interactive · wall_segment Palisade Wall x17 |
| 18:09 | GhostofDavis · first_market_buy 100 food |
| 18:30 | 20072007 · age_up castle |
| 18:35 | 20072007 · first_building Siege Workshop |
| 18:39 | Joy Games Interactive · wall_segment Palisade Wall x1 |
| 18:48 | GhostofDavis · first_building Archery Range |
| 18:57 | Joy Games Interactive · wall_segment Palisade Wall x5 |
| 18:59 | budinha · age_up castle |
| 19:19 | thatmp · age_up castle |
| 19:55 | thatmp · first_market_buy 500 wood |
| 20:04 | Joy Games Interactive · wall_segment Palisade Wall x2 |
| 20:10 | nobodyknow · age_up castle |
| 20:57 | thatmp · first_market_sell 100 food |
| 21:03 | GhostofDavis · first_building Monastery |
| 22:10 | Joy Games Interactive · wall_segment Palisade Wall x3 |
| 22:13 | Joy Games Interactive · wall_segment Palisade Wall x5 |
| 22:28 | 20072007 · first_building Stable |
| 22:30 | Under · wall_segment Stone Wall x7 |
| 22:39 | Joy Games Interactive · age_up feudal |
| 22:54 | Under · age_up castle |
| 23:19 | budinha · first_building Castle |
| 23:35 | Joy Games Interactive · wall_segment Stone Wall x4 |
| 23:45 | Joy Games Interactive · wall_segment Stone Wall x7 |
| 24:13 | Joy Games Interactive · wall_segment Palisade Wall x5 |
| 24:15 | 20072007 · wall_segment Stone Wall x16 |
| 25:16 | thatmp · first_building Castle |
| 25:30 | petomin · first_building Barracks |
| 27:07 | petomin · age_up castle |
| 27:11 | Joy Games Interactive · wall_segment Stone Wall x2 |
| 27:15 | Joy Games Interactive · wall_segment Stone Wall x3 |
| 27:18 | GhostofDavis · first_building Castle |
| 29:09 | Joy Games Interactive · wall_segment Stone Wall x5 |
| 29:13 | budinha · tribute_sent a jugador 1 |
| 29:13 | budinha · tribute_sent a jugador 2 |
| 29:13 | budinha · tribute_sent a jugador 3 |
| 29:13 | budinha · tribute_sent a jugador 4 |
| 29:13 | budinha · tribute_sent a jugador 5 |
| 29:13 | budinha · tribute_sent a jugador 7 |
| 29:13 | budinha · tribute_sent a jugador 8 |
| 30:10 | thatmp · age_up imperial |
| 30:16 | nobodyknow · first_building Castle |
| 30:20 | Joy Games Interactive · wall_segment Stone Wall x1 |
| 30:37 | Joy Games Interactive · wall_segment Stone Wall x1 |
| 30:41 | Joy Games Interactive · wall_segment Stone Wall x5 |
| 30:47 | Under · first_building Castle |
| 30:48 | budinha · first_building Siege Workshop |
| 30:58 | thatmp · first_building Barracks |
| 31:09 | GhostofDavis · first_building Siege Workshop |
| 31:40 | Joy Games Interactive · wall_segment Stone Wall x8 |
| 31:50 | Joy Games Interactive · wall_segment Stone Wall x4 |
| 32:07 | thatmp · first_building Stable |
| 33:26 | petomin · wall_segment Stone Wall x5 |
| 33:42 | nobodyknow · first_building Siege Workshop |
| 33:43 | petomin · first_building Siege Workshop |
| 33:56 | 20072007 · first_building Castle |
| 34:45 | 20072007 · first_building Monastery |
| 35:32 | budinha · first_market_buy 100 stone |
| 35:37 | budinha · first_market_sell 100 food |
| 36:43 | nobodyknow · age_up imperial |
| 36:54 | budinha · age_up imperial |
| 37:07 | thatmp · first_building Monastery |
| 37:20 | 20072007 · age_up imperial |
| 38:46 | GhostofDavis · first_market_sell 100 wood |
| 38:48 | petomin · tribute_sent a jugador 1 |
| 38:48 | petomin · tribute_sent a jugador 2 |
| 38:48 | petomin · tribute_sent a jugador 3 |
| 38:48 | petomin · tribute_sent a jugador 4 |
| 38:48 | petomin · tribute_sent a jugador 5 |
| 38:48 | petomin · tribute_sent a jugador 6 |
| 38:48 | petomin · tribute_sent a jugador 7 |
| 38:54 | thatmp · first_building Archery Range |
| 39:04 | budinha · tribute_sent a jugador 1 |
| 39:04 | budinha · tribute_sent a jugador 2 |
| 39:04 | budinha · tribute_sent a jugador 3 |
| 39:04 | budinha · tribute_sent a jugador 4 |
| 39:04 | budinha · tribute_sent a jugador 5 |
| 39:04 | budinha · tribute_sent a jugador 7 |
| 39:04 | budinha · tribute_sent a jugador 8 |
| 39:31 | budinha · first_building Monastery |
| 40:08 | thatmp · first_building Siege Workshop |
| 41:12 | Under · first_building Monastery |
| 43:34 | petomin · first_building Castle |
| 43:50 | budinha · tribute_sent a jugador 1 |
| 43:50 | budinha · tribute_sent a jugador 2 |
| 43:50 | budinha · tribute_sent a jugador 3 |
| 43:50 | budinha · tribute_sent a jugador 4 |
| 43:50 | budinha · tribute_sent a jugador 5 |
| 43:50 | budinha · tribute_sent a jugador 7 |
| 43:50 | budinha · tribute_sent a jugador 8 |
| 45:42 | 20072007 · resign |
[ AI ANALYSIS · 1 CREDIT ]
What really happened in this match?
Wolo.gg analyzes every decision: build order, eco, micro, common mistakes by bracket. Personalized analysis on WhatsApp or Discord in 30 seconds.
Civ guide
Franks
Perfil
Jugador #12900582